 Dungeon Crawl Stone Soup version 0.28.0-53-g5a82cb258f (webtiles) character file.

Game seed: 1939826852099420742

18 Tirrikindir the Skirmisher (level 2, -1/21 HPs)
             Began as an Octopode Fighter on Aug 15, 2022.
             Succumbed to a kobold's poison
             ... on level 1 of the Dungeon.
             The game lasted 00:01:56 (802 turns).

Tirrikindir the Skirmisher (Octopode Fighter)        Turns: 802, Time: 00:01:57

Health: -1/21      AC:  1    Str: 15    XL:     2   Next: 66%
Magic:  2/2        EV: 13    Int: 10    God:
Gold:   16         SH:  4    Dex: 11    Spells: 1/1 levels left

rFire   . . .      SeeInvis .   a - +0 long sword
rCold   . . .      Faith    .   b - +0 buckler
rNeg    . . .      Spirit   .   (helmet restricted)
rPois   .          Reflect  .   (no amulet)
rElec   .          Harm     .   (no ring)
rCorr   .          Rampage  .   (no ring)
Will    .....                   (no ring)
Stlth   ++........              (no ring)
HPRegen 0.07/turn               (no ring)
MPRegen 0.08/turn               (no ring)
                                (no ring)
                                (no ring)

@: lethally poisoned (-1 -> -9)
A: almost no armour, amphibious, 8 rings, camouflage 1, gelatinous body 1,
(nimble swimmer 1), tentacles
a: no special abilities


You were on level 1 of the Dungeon.
You visited 1 branch of the dungeon, and saw 2 of its levels.

You collected 16 gold pieces.

Inventory:

Hand Weapons
 a - a +0 long sword (weapon)
Armour
 b - a +0 buckler (worn)
Potions
 c - a potion of might


   Skills:
 + Level 3.1 Fighting
 * Level 2.4 Long Blades
 + Level 3.1 Dodging
 + Level 1.0 Stealth
 + Level 3.1 Shields


You had one spell level left.
You didn't know any spells.
Your spell library contained the following spells:

 Spells                   Type           Power      Damage    Failure   Level
 Petrify                  Tmut/Erth      0%         N/A       99%         4
 Metabolic Englaciation   Hex/Ice        0%         N/A       100%        5
 Statue Form              Tmut/Erth      0%         N/A       100%        6


Dungeon Overview and Level Annotations

Branches:
Dungeon (2/15)

Altars:

Shops:
D:1 [=(


Innate Abilities, Weirdness & Mutations

You cannot wear most types of armour.
You are amphibious.
You can wear up to eight rings at the same time.
Your skin changes colour to match your surroundings (Stealth+).
Your rubbery body absorbs attacks. (AC +1, EV +1)
((You are camouflaged when in or above water. (Stealth+)))
You have tentacles for arms and can constrict up to eight enemies at once.


Message History

HP restored.
You see here a dart slug corpse.
Things that are here:
a +0 dagger; a goblin corpse
There is a fountain of clear blue water here.
Found 25 stones.
Found 2 poisoned darts.
You now have 16 gold pieces (gained 12).
As you open the door, it creaks loudly! 2 kobolds come into view.
A kobold is wielding a +0 whip of venom.
The kobold shouts!
The kobold throws a stone.
The stone barely misses you.
There is an open door here.
You miss the kobold. Your grab misses the kobold.
You block the kobold's attack.
A rat comes into view.
The kobold hits you with a +0 whip of venom.
You are poisoned.
The kobold closely misses you.
You barely miss the kobold. You grab the kobold. You constrict the kobold.
You kill the kobold!
You feel very sick.
The kobold hits you with a +0 whip of venom.
You are lethally poisoned!
You slash the kobold!
You kill the kobold!
* * * LOW HITPOINT WARNING * * *
You feel very sick.
Okay, then.
* * * LOW HITPOINT WARNING * * *
You feel very sick.
Things that are here:
a +0 short sword; 4 stones
Found 11 gold pieces.
* * * LOW HITPOINT WARNING * * *
You feel sick. The rat misses you.
You barely miss the rat. You grab the rat. You constrict the rat.
You kill the rat!
You die...

####### ##....#
#.##.####
##.##.#########.......#
##.##.................#
...##.................#
#####.......(.........#
# ##.................#
####...........)......#
....##..(......)@†....#
###.#########'###.....#
..#.#######...# .......
..#.......#.### .....##
.8#######.#.# .....+
........#.#.# ..$..#
#∩#†#.#.#.#.# .....#
#...#.#.#.#.# ######
#>###.#.#.#.# .....#


There were no monsters in sight!

Vanquished Creatures
  A dart slug (D:1)
  3 ball pythons (D:1)
  A giant cockroach (D:2)
  2 goblins (D:1)
  2 hobgoblins
  A quokka (D:2)
  2 bats (D:1)
  2 kobolds (D:1)
  A rat (D:1)
15 creatures vanquished.

Vanquished Creatures (others)
  9 plants
9 creatures vanquished.

Grand Total: 24 creatures vanquished

Notes
Turn   | Place    | Note
-------+----------+-------------------------------------------
     0 | D:1      | Tirrikindir the Octopode Fighter began the quest for the
                  | Orb.
     0 | D:1      | Reached XP level 1. HP: 16/16 MP: 1/1
    94 | D:1      | Found Woelostu's Jewellery Emporium.
    95 | D:1      | Found Ujafoen's Armour Shop.
   374 | D:1      | You fall into a shaft and drop 1 floor!
   380 | D:2      | Reached XP level 2. HP: 17/21 MP: 2/2
   564 | D:1      | Found Ujin's Antique Weapon Emporium.
   604 | D:1      | Reached skill level 1 in Stealth
   801 | D:1      | HP: 1/21 [poisoned by a kobold]
   802 | D:1      | Succumbed to a kobold's poison

Illustrated notes

Levels and vault maps discovered:
D:1:      minmay_arrival_checkered_box, layout_basic,
          hellmonk_ecumenical_altar_inner_sanctum, serial_shops, shop,
          nicolae_shop_advertising_works [nicolae_subvault_shop_adworks],
          shop_statue, shop, chequers_decorated_corner, grunt_decor_fettered,
          corexii_corridor_pit, serial_bayou_crossing
D:2:      layout_basic, serial_forest, infiniplex_forest_lined_room_2,
          infiniplex_forest_straight_3, infiniplex_forest_lined_2,
          infiniplex_forest_clump_long, infiniplex_forest_straight_2,
          infiniplex_forest_lined_corner, basic_altar, uniq_natasha

Skill      XL: |  1  2 |
---------------+-------+-----
Stealth        | 1 |  1.0
Fighting       | |  3.1
Long Blades    | |  2.4
Dodging        | |  3.1
Shields        | |  3.1

Action                   || total
-------------------------++-------
Melee: Long sword        ||    35
       Constrict         ||    17
       Tentacles         ||     7
       Punch             ||     1
 Stab: Sleeping          ||     2
Dodge: Dodged            ||    17
Block: Buckler           ||     8
